 Dungeon Sprint DCSS version 0.30.1-4-g462c640d31 (webtiles) character file.

Game seed: 6018928709801843044

9039 Heoruswealwe the Brawler (level 11, -9/184 HPs)
             Began as a Troll Berserker on Aug 18, 2023.
             Was the Champion of Trog.
             Mangled by a demonic crawler (18 damage)
             ... in the Dungeon (Sprint I: "Red Sonja").
             The game lasted 00:21:10 (1278 turns).

Heoruswealwe the Brawler (Troll Berserker)          Turns: 1278, Time: 00:21:11

Health: -9/184     AC:  4    Str: 27    XL:     11   Next: 17%
Magic:  10/10      EV: 15    Int:  3    God:    Trog [******]
Gold:   6          SH:  0    Dex: 13    Spells: 10/10 levels left

rFire   + .          .
                       - Unarmed
rCold   . . .        (no shield)
rNeg    . . .        a - +0 animal skin
rPois   +            (helmet restricted)
rElec   .            (no cloak)
rCorr   .            (gloves unavailable)
SInv    .            (boots unavailable)
Will    .....        (no amulet) Stlth
                     d - ring of Vunekh {rPois rF+ Str-4 Dex+6 Slay+4}
HPRegen 1.30/turn    (no ring)
MPRegen 0.12/turn

%: no teleportation, random rage (3%)
@: berserking (expiring), very quick
A: large, unfitting armour, claws 3, regeneration 1, shaggy fur 1, tough skin 1,
camouflage 1, berserk 1, clumsy 1
a: Renounce Religion, Berserk, Trog's Hand, Brothers in Arms


You were in the Dungeon.
You worshipped Trog.
Trog was exalted by your worship.
You visited 1 branch You collected 1465 gold pieces.
You spent 1459 gold pieces at shops.

Inventory:

Armour
 a - a +0 animal skin (worn)
Jewellery
 d - the ring of Vunekh (left claw) {rPois rF+ Str-4 Dex+6 Slay+4}
   (You bought it in a shop in the Dungeon)

   [ring of dexterity]

   Str:       It affects your strength (-4).
   Dex:       It affects your dexterity (+6).
   Slay:      It affects your accuracy & damage with ranged weapons and melee
   (+4).
   rF:        It protects you from fire.
   rPois:     It protects you from poison.
Wands
 h - a wand of digging (3)
Scrolls
 f - a scroll of identify
 g - 2 scrolls of blinking
 l - a scroll of poison
 p - a scroll of immolation
Potions
 b - 3 potions of curing
 c - a potion of ambrosia
 e - 2 potions of might
 k - a potion of lignification
 m - a potion of cancellation
Miscellaneous
 i - a tin of tremorstones (2/2)


   Skills:
 + Level 12.1 Fighting
 + Level 12.1 Dodging
 * Level 19.4 Unarmed Combat


You had 10 spell levels left.
You didn't know any spells.
Your spell library was empty.

Dungeon Overview and Level Annotations

Branches:
Dungeon (1/1)

Altars:
Cheibriados
Dithmenos
Elyvilon
Fedhas
Gozag
Hepliaklqana
Kikubaaqudgha
Makhleb
Nemelex Xobeh
Okawaru
Qazlal
Ru
Sif Muna
Trog
Uskayaw
Vehumet
Wu Jian
Xom
Yredelemnul
Zin
The Shining One
Jiyva
Lugonu

Shops:
D (!==*[


Innate Abilities, Weirdness & Mutations

You are too large for most types of armour.
You have claws for hands.
Your natural rate of healing is unusually fast.
You are covered in fur. (AC +1)
You have tough skin. (AC +1)
Your skin changes colour to match your surroundings (Stealth+).
You sometimes lose your temper in combat.
You are clumsy. (Dex -2)


Message History

The demonic crawler is lightly wounded.
The demonic crawler misses you. The demonic crawler closely misses you.
The demonic crawler hits you.
You claw the demonic crawler!
The demonic crawler is lightly wounded.
You mangle the demonic crawler!!
The demonic crawler is heavily wounded.
You scratch the demonic crawler but do no damage.
The demonic crawler closely misses you. The demonic crawler hits you! x2
You scratch the demonic crawler.
The demonic crawler is lightly wounded.
The demonic crawler hits you. The demonic crawler closely misses you.
The demonic crawler hits you!
You eviscerate the demonic crawler!!!
The demonic crawler is heavily wounded.
The demonic crawler hits you! x2
The demonic crawler completely misses you.
The demonic crawler misses you. The demonic crawler hits you!
The demonic crawler hits you but does no damage.
You scratch the demonic crawler.
The demonic crawler is heavily wounded.
You mangle the demonic crawler!!
The demonic crawler is almost dead.
The demonic crawler hits you!!
* * * LOW HITPOINT WARNING * * *
The demonic crawler hits you.
* * * LOW HITPOINT WARNING * * *
The demonic crawler barely misses you. The demonic crawler hits you!
* * * LOW HITPOINT WARNING * * *
The demonic crawler misses you. The demonic crawler hits you.
* * * LOW HITPOINT WARNING * * *
You mangle the demonic crawler!!
You kill the demonic crawler!
Trog accepts your kill. The demonic crawler hits you!
* * * LOW HITPOINT WARNING * * *
The demonic crawler hits you!
* * * LOW HITPOINT WARNING * * *
The demonic crawler hits you!!
You die...

##################***************
.#..'..#__#..')..#,,*,,,,+,,,,,,+
.').#..'..'..#).s##+#,****,,,,,**
'#####'#__####..@†s.#,*,***,,,***
.#...#)####§§#####s.+,*+*,***+*,,
##..##.#§§§§§#..#*+##**,,,*,*,**,
_##'#_.+§§§§.+..#,,,,,*,,,***,,**
..'..._#§§~§.#..#,,,,,+,,,,,**,*,
_##_.#'##+#####'###,,,*,,,,,*,,**
_###'#[#))[)###.+.#,,,***++**,**,
####.####'###(###.#,,***,,***,,*+
..'..)'....!'[∩##§#,,****,,***,,,


You could see 3 demonic crawlers.

Vanquished Creatures
  2 centaur warriors (D)
  Sonja (D)
  A deep troll (D)
  An oklob plant (D)
  8 shining eyes (D)
  A demonic crawler (D)
  2 unseen horrors (D)
  2 kobold demonologists (D)
  A hornet (D)
  A slime creature (D)
  Sigmund (D)
  A yak (D)
  2 redbacks (D)
  6 floating eyes (D)
  An ogre (D)
  7 necrophages (D)
  8 jellies (D)
  Ijyb (D)
47 creatures vanquished.

Vanquished Creatures (others)
  2 ballistomycete spores (D)
2 creatures vanquished.

Grand Total: 49 creatures vanquished

Notes
Turn   | Place    | Note
-------+----------+-------------------------------------------
     0 | D        | Heoruswealwe the Troll Berserker began the quest for the
                  | Orb.
     0 | D        | Reached XP level 1. HP: 22/22 MP: 0/0
     1 | D        | Noticed Ijyb
     6 | D        | Killed Ijyb
     7 | D        | Reached skill level 5 in Unarmed Combat
     7 | D        | Reached XP level 2. HP: 29/31 MP: 1/1
    32 | D        | Noticed an ogre
    37 | D        | Killed an ogre
    38 | D        | Reached skill level 7 in Unarmed Combat
    38 | D        | Reached XP level 3. HP: 40/40 MP: 2/2
    38 | D        | Reached XP level 4. HP: 49/49 MP: 3/3
    73 | D        | Noticed Sigmund
    76 | D        | Killed Sigmund
    76 | D        | Reached ** piety under Trog
    77 | D        | Reached skill level 5 in Fighting
    77 | D        | Reached skill level 5 in Dodging
    77 | D        | Reached skill level 9 in Unarmed Combat
    77 | D        | Reached XP level 5. HP: 55/59 MP: 4/4
    90 | D        | Found a burning altar of Makhleb.
    90 | D        | Found a viscous altar of Jiyva.
    90 | D        | Found a shimmering altar of Xom.
    90 | D        | Found a corrupted altar of Lugonu.
    90 | D        | Noticed a slime creature
    95 | D        | Killed a slime creature
    96 | D        | Reached skill level 10 in Unarmed Combat
    96 | D        | Reached XP level 6. HP: 51/68 MP: 5/5
   115 | D        | Found an ornate altar of the Wu Jian Council.
   115 | D        | Found a shimmering blue altar of Sif Muna.
   117 | D        | Found a radiant altar of Vehumet.
   145 | D        | Found Ziqu's Jewellery Emporium.
   145 | D        | Found an ancient bone altar of Kikubaaqudgha.
   145 | D        | Found a hazy altar of Hepliaklqana.
   145 | D        | Found a stormy altar of Qazlal.
   145 | D        | Found a hide-covered altar of Uskayaw.
   145 | D        | Found a blossoming altar of Fedhas.
   145 | D        | Found a bloodstained altar of Trog.
   145 | D        | Found an iron altar of Okawaru.
   145 | D        | Found a basalt altar of Yredelemnul.
   145 | D        | Found a glowing golden altar of the Shining One.
   145 | D        | Found a snail-covered altar of Cheibriados.
   145 | D        | Found a sacrificial altar of Ru.
   145 | D        | Found a glowing silver altar of Zin.
   145 | D        | Found a shadowy altar of Dithmenos.
   145 | D        | Found a white marble altar of Elyvilon.
   145 | D        | Noticed a yak
   147 | D        | Found an opulent altar of Gozag.
   151 | D        | Killed a yak
   151 | D        | Reached *** piety under Trog
   152 | D        | Reached skill level 11 in Unarmed Combat
   152 | D        | Reached XP level 7. HP: 59/78 MP: 6/6
   152 | D        | Found a sparkling altar of Nemelex Xobeh.
   173 | D        | Noticed a kobold demonologist
   173 | D        | Noticed a kobold demonologist
   174 | D        | Paralysed by a floating eye for 4 turns
   175 | D        | Noticed an ice devil
   185 | D        | Killed a kobold demonologist
   186 | D        | Reached skill level 12 in Unarmed Combat
   189 | D        | Noticed a ynoxinul
   192 | D        | Killed a kobold demonologist
   192 | D        | Reached **** piety under Trog
   193 | D        | Reached skill level 13 in Unarmed Combat
   193 | D        | Reached XP level 8. HP: 78/88 MP: 7/7
   206 | D        | Noticed a centaur warrior
   212 | D        | Noticed a centaur warrior
   222 | D        | Killed a centaur warrior
   223 | D        | Reached skill level 14 in Unarmed Combat
   224 | D        | Killed a centaur warrior
   225 | D        | Reached skill level 15 in Unarmed Combat
   225 | D        | Reached XP level 9. HP: 18/100 MP: 8/8
   332 | D        | Noticed a deep troll
   335 | D        | Killed a deep troll
   347 | D        | Found Daury's Armour Emporium.
   376 | D        | Paralysed by a hornet for 1 turns
   378 | D        | Reached ***** piety under Trog
   409 | D        | Noticed an oklob plant
   415 | D        | Killed an oklob plant
   416 | D        | Reached skill level 10 in Fighting
   416 | D        | Reached skill level 10 in Dodging
   416 | D        | Reached skill level 16 in Unarmed Combat
   534 | D        | Bought the ring of Vunekh {rPois rF+ Str-4 Dex+6 Slay+4}
                  | for 813 gold pieces
   581 | D        | Killed an unseen horror
   582 | D        | Reached XP level 10. HP: 8/111 MP: 9/9
   595 | D        | Received a gift from Trog
   685 | D        | Reached skill level 17 in Unarmed Combat
   709 | D        | Paralysed by a floating eye for 3 turns
   714 | D        | Reached ****** piety under Trog
   714 | D        | Received a gift from Trog
   805 | D        | Noticed Sonja
   809 | D        | Killed Sonja
   885 | D        | Found Macil's Magic Scroll Boutique.
   893 | D        | Bought a scroll of enchant weapon for 97 gold pieces
   893 | D        | Bought a scroll of poison for 52 gold pieces
   893 | D        | Bought a scroll of vulnerability for 52 gold pieces
   893 | D        | Bought a scroll of identify for 26 gold pieces
   893 | D        | Bought a scroll of magic mapping for 97 gold pieces
   893 | D        | Bought a scroll of identify for 26 gold pieces
   893 | D        | Bought a scroll of amnesia for 52 gold pieces
   893 | D        | Bought a scroll of immolation for 52 gold pieces
   907 | D        | Noticed a shining eye
   907 | D        | Noticed a shining eye
   907 | D        | Noticed a shining eye
   908 | D        | Gained mutation: Your muscles are strong. (Str +4, Int/Dex
                  | -1) [a shining eye]
   919 | D        | Received a gift from Trog
   934 | D        | Gained mutation: You sometimes lose your temper in combat.
                  | [a shining eye]
   936 | D        | Killed a shining eye
   937 | D        | Reached skill level 18 in Unarmed Combat
   959 | D        | Gained mutation: Your skin changes colour to match your
                  | surroundings (Stealth+). [a shining eye]
   962 | D        | Killed a shining eye
   965 | D        | Killed a shining eye
   972 | D        | Noticed a shining eye
   972 | D        | Noticed a shining eye
   972 | D        | Noticed a shining eye
   972 | D        | Gained mutation: You are clumsy. (Dex -2) [a shining eye]
   985 | D        | Received a gift from Trog
   997 | D        | Killed a shining eye
   997 | D        | Lost mutation: Your muscles are strong. (Str +4, Int/Dex
                  | -1) [a shining eye]
  1001 | D        | Killed a shining eye
  1002 | D        | Reached XP level 11. HP: 123/123 MP: 10/10
  1057 | D        | Noticed a shining eye
  1057 | D        | Noticed a shining eye
  1058 | D        | Killed a shining eye
  1059 | D        | Reached skill level 19 in Unarmed Combat
  1063 | D        | Killed a shining eye
  1066 | D        | Killed a shining eye
  1066 | D        | Received a gift from Trog
  1214 | D        | Found Dusm's Jewellery Shop.
  1214 | D        | Found Pataq's Antique Weapon Shoppe.
  1214 | D        | Found Ydir's Assorted Antiques.
  1214 | D        | Found Eluenis's Distillery.
  1221 | D        | Bought a potion of might for 48 gold pieces
  1221 | D        | Bought a potion of degeneration for 12 gold pieces
  1221 | D        | Bought a potion of lignification for 36 gold pieces
  1221 | D        | Bought a potion of cancellation for 96 gold pieces
  1278 | D        | HP: 9/184 [demonic crawler (8)]
  1278 | D        | Mangled by a demonic crawler

Illustrated notes

Levels and vault maps discovered:
D:        dungeon_sprint_1 [red_sonja_temple_1, red_sonja_temple_small_1]

Skill      XL: |  1  2  3  4  5  6  7  8  9 10 11 |
---------------+----------------------------------+-----
Fighting       | 3 4 5 6 7 8 9 10 11 12 | 12.1
Dodging        | 3 4 5 6 7 8 9 10 11 12 | 12.1
Unarmed Combat | 5 7 9 10 11 13 15 16 18 19 | 19.4

Action                     |  1- 3 |  4- 6 |  7- 9 | 10-12 || total
---------------------------+-------+-------+-------+-------++-------
  Melee: Unarmed           |     8 |    11 |    46 |    68 ||   133
         Punch             |       |     2 |     4 |     6 ||    12
 Invoke: Berserk           |       |       |     1 |     2 ||     3
  Evoke: Wand              |     1 |       |       |       ||     1
    Use: Potion            |     1 |       |     1 |     2 ||     4
         Scroll            |       |       |       |     4 ||     4
   Stab: Sleeping          |       |     1 |       |     1 ||     2
 Armour: Animal skin       |     1 |       |    10 |     8 ||    19
  Dodge: Dodged            |     1 |     2 |    34 |    22 ||    59
